 Dungeon Crawl Stone Soup version 0.29-a0-416-g83a48905f1 (webtiles) character file.

Game seed: 4686306618224903365

13416 Essalna the Covert (level 12, -11/96 HPs)
             Began as a Gnoll Delver on May 16, 2022.
             Was an Initiate of Ashenzari.
             Mangled by a cane toad (20 damage)
             ... on level 1 of the Lair of Beasts.
             The game lasted 00:33:25 (10583 turns).

Essalna the Covert (Gnoll Delver)                  Turns: 10583, Time: 00:33:25

Health: -11/96     AC: 10    Str: 17    XL:     12   Next: 5%
Magic:  22/22      EV: 18    Int: 14    God:    Ashenzari [......]
Gold:   527        SH:  0    Dex: 11    Spells: 21/24 levels left

rFire   . . .      SeeInvis .   G - +3 dire flail (protect)
rCold   + . .      Faith    .   (shield currently unavailable)
rNeg    . . .      Spirit   .   I - +0 acid dragon scales
rPois   .          Reflect  .   N - +0 helmet
rElec   .          Harm     .   (no cloak)
rCorr   +          Rampage  .   (no gloves)
Will    ++...                   d - +0 pair of boots
Stlth   +++++.....              n - amulet of regeneration
HPRegen 1.06/turn               y - +4 ring of evasion
MPRegen 0.18/turn               e - ring "Etreor" {rC+ Will++ Str+6 Dex-4 Stlth+}

@: mighty, studying Throwing
A: fangs 1, strong nose, distributed training
a: Renounce Religion, Curse Item


You were on level 1 of the Lair of Beasts.
You worshipped Ashenzari.
Ashenzari was noncommittal.
You visited 3 branches of the dungeon, and saw 11 of its levels.
You visited the Abyss 1 time.
You also visited: Bailey.

You collected 527 gold pieces.

Inventory:

Hand Weapons
 a - a +0 hand axe
 f - a +0 war axe
 G - a +3 dire flail of protection (weapon)
 H - a +2 morningstar of protection
 O - a +1 war axe of electrocution
Missiles
 K - 2 curare-tipped darts
 L - 10 poisoned darts (quivered)
Armour
 b - a +0 leather armour
 d - a +0 pair of boots (worn)
 I - +0 acid dragon scales (worn)
 N - a +0 helmet (worn)
Magical Staves
 r - a staff of cold
 s - a staff of air
 A - a staff of conjuration
Jewellery
 e - the ring "Etreor" (right hand) {rC+ Will++ Str+6 Dex-4 Stlth+}
   (You acquired it in a bailey)

   [ring of strength]

   Str:       It affects your strength (+6).
   Dex:       It affects your dexterity (-4).
   rC:        It protects you from cold.
   Will:      It greatly increases your willpower.
   Stlth:     It makes you more stealthy.
 i - a ring of see invisible
 n - an amulet of regeneration (around neck)
 y - a +4 ring of evasion (left hand)
 D - the ring "Asetah" {*Slow rPois rN++ Str+4 Int+6}
   (You found it on level 4 of the Dungeon)

   [ring of intelligence]

   Str:       It affects your strength (+4).
   Int:       It affects your intelligence (+6).
   rPois:     It protects you from poison.
   rN:        It greatly protects you from negative energy.
   *Slow:     It may slow you when you take damage.
 F - a ring of willpower
Wands
 g - a wand of digging (8)
 J - a wand of acid (2)
Scrolls
 c - 3 scrolls of fog
 j - 2 scrolls of blinking {unknown}
 k - 2 scrolls of silence {unknown}
 m - a scroll of fear
 o - 2 scrolls of vulnerability {unknown}
 z - 3 scrolls of teleportation {unknown}
 B - 3 scrolls of enchant armour {unknown}
 C - a scroll of amnesia {unknown}
 Q - a scroll of identify
Potions
 h - 4 potions of curing
 l - 4 potions of heal wounds
 p - 6 potions of degeneration
 t - a potion of lignification
 u - a potion of flight
 v - 2 potions of magic
 w - a potion of brilliance
 x - a potion of attraction {unknown}
 E - a potion of cancellation {unknown}
 M - 4 potions of mutation {unknown}
 P - a potion of haste


   Skills:
 + Level 9.6 Fighting
 + Level 6.9 Short Blades
 + Level 6.9 Long Blades
 + Level 8.3 Axes
 + Level 6.9 Maces & Flails
 + Level 6.9 Polearms
 + Level 6.9 Staves
 + Level 6.9 Slings
 + Level 6.9 Bows
 + Level 6.9 Crossbows
 + Level 9.2 Throwing
 + Level 6.9 Armour
 + Level 8.3 Dodging
 + Level 11.7 Stealth
 + Level 6.9 Shields
 + Level 6.9 Unarmed Combat
 + Level 6.9 Spellcasting
 + Level 5.7 Conjurations
 + Level 5.7 Hexes
 + Level 5.7 Summonings
 + Level 5.7 Necromancy
 + Level 5.7 Translocations
 + Level 5.7 Transmutations
 + Level 5.7 Fire Magic
 + Level 5.7 Ice Magic
 + Level 5.7 Air Magic
 + Level 5.7 Earth Magic
 + Level 5.7 Poison Magic
 + Level 7.5 Invocations
 + Level 6.9 Evocations


You had 21 spell levels left.
You knew the following spells:

 Your Spells              Type           Power      Damage    Failure   Level
a - Frozen Ramparts       Ice            40%        1d6       5%          3

Your spell library contained the following spells:

 Spells                   Type           Power      Damage    Failure   Level
 Freeze                   Ice            80%        1d9       1%          1
 Magic Dart               Conj           80%        1d7       1%          1
 Blink                    Tloc           40%        N/A       2%          2
 Call Imp                 Summ           20%        N/A       2%          2
 Mephitic Cloud           Conj/Pois/Air  20%        N/A       5%          3
 Airstrike                Air            10%        N/A       17%         4
 Hailstorm                Conj/Ice       20%        3d6       17%         4
 Summon Lightning Spire   Summ/Air       20%        N/A       17%         4
 Alistair's Intoxication  Tmut/Pois      13%        N/A       43%         5
 Borgnjor's Vile Clutch   Necr/Erth      10%        N/A       43%         5
 Lightning Bolt           Conj/Air       10%        1d23      43%         5
 Manifold Assault         Tloc           20%        N/A       43%         5
 Eringya's Noxious Bog    Tmut/Pois      10%        N/A       95%         6
 Storm Form               Tmut/Air       10%        N/A       100%        7


Dungeon Overview and Level Annotations

Branches:
Dungeon (9/15)             Temple (1/1) D:4            Lair (1/6) D:8
 Bailey (visited)
    Orc: D:9-12

Altars:
Ashenzari
Cheibriados
Dithmenos
Fedhas
Gozag
Makhleb
Nemelex Xobeh
Okawaru
Ru
Sif Muna
Trog
Uskayaw
Vehumet
Wu Jian
Xom
Yredelemnul
Zin

Shops:
D:2 [   D:6 (


Innate Abilities, Weirdness & Mutations

You have very sharp teeth.
Your uncanny sense of smell can sniff out nearby items.
Your experience applies equally to all skills.


Message History

The cane toad is moderately wounded.
You feel sick.
The guardian serpent closely misses you.
The cane toad completely misses you. The guardian serpent barely misses you.
The cane toad stings you but does no damage.
You hit the cane toad.
You bite the cane toad, but do no damage.
The cane toad is moderately wounded.
You feel sick. The guardian serpent misses you.
The cane toad barely misses you.
You barely miss the cane toad.
You bite the cane toad, but do no damage.
The cane toad is moderately wounded.
You feel sick. The guardian serpent hits you.
* * * LOW HITPOINT WARNING * * *
The guardian serpent completely misses you.
The cane toad barely misses you.
You feel better. The guardian serpent hits you!
* * * LOW HITPOINT WARNING * * *
The cane toad closely misses you.
You feel very mighty all of a sudden.
The guardian serpent completely misses you.
The cane toad stings you.
* * * LOW HITPOINT WARNING * * *
You are poisoned.
The cane toad poisons you!
The guardian serpent casts a spell at you.
The bolt of poison hits you!
You are lethally poisoned!
* * * LOW HITPOINT WARNING * * *
You feel better. The cane toad stings you.
* * * LOW HITPOINT WARNING * * *
The guardian serpent hits you.
* * * LOW HITPOINT WARNING * * *
You feel much better. The guardian serpent hits you!!
* * * LOW HITPOINT WARNING * * *
The cane toad closely misses you.
The guardian serpent hits you but does no damage.
The cane toad stings you!!
You die...

...##≈≈≈≈....≈≈≈≈.... ......
...#≈≈.......≈≈≈≈..#.. ......
..##≈≈≈≈../..≈†≈≈..#.. . #......
..#≈≈≈≈≈...!≈≈#≈≈≈..# .. #......
#..≈≈≈.....≈≈##≈≈≈..#... ∆#......
#.#≈≈≈≈.#.≈≈≈≈≈≈≈.≈..... #.P#.+#
..##≈≈≈.#...≈≈≈≈≈......≈ ##.....#
...#≈≈.#....≈≈≈≈≈†...≈.≈ #......#
...##≈≈≈#...≈≈.≈@F...≈≈≈##......#
....##≈≈..≈≈≈≈≈≈≈S...≈≈##.......P
.... ###≈≈.≈≈≈≈≈≈≈≈≈≈###.........
###.##.####≈.....≈####..##.#.##+#
#..##.....#########..............
.................................
.................................
.................................
.................................


You could see a guardian serpent and a cane toad.

Vanquished Creatures
  An orc warlord (Bailey)
  A boulder beetle (Lair:1)
  A two-headed ogre (D:8)
  A cane toad (Lair:1)
  Psyche (D:8)
  A kobold demonologist (D:7)
  A komodo dragon (Lair:1)
  Grinder (D:4)
  A polar bear (Lair:1)
  6 blink frogs (Lair:1)
  Prince Ribbit (D:6)
  Sigmund (D:2)
  A shadow (D:9)
  3 wyverns
  12 yaks
  2 wraiths (D:9)
  Grum (D:8)
  A steam dragon (D:6)
  3 wargs (D:8)
  Edmund (D:7)
  An acid dragon (D:8)
  5 water moccasins (Lair:1)
  7 orc warriors
  2 ice beasts (D:8)
  2 ogres (D:5)
  2 sky beasts (D:7)
  3 wolves (D:8)
  5 centaurs
  3 kobold brigands
  5 bullfrogs
  A gnoll sergeant (D:6)
  2 scorpions
  5 wights (D:8)
  A small abomination (Abyss:1)
  9 killer bees
  A howler monkey (D:7)
  2 electric eels
  A quasit (Abyss:1)
  A jelly (D:7)
  7 orc priests
  4 hounds
  2 gnoll shamans
  4 iguanas
  11 orc wizards
  21 gnolls
  6 adders
  2 white imps
  3 dart slugs
  44 orcs
  12 ball pythons
  3 endoplasms
  8 giant cockroaches
  16 goblins
  11 hobgoblins
  10 jackals (D:1)
  6 quokkas
  6 bats
  2 frilled lizards (D:2)
  32 kobolds
  8 rats
317 creatures vanquished.

Vanquished Creatures (others)
  An orc (D:8)
  2 fungi (Lair:1)
  A plant (Lair:1)
4 creatures vanquished.

Grand Total: 321 creatures vanquished

Notes
Turn   | Place    | Note
-------+----------+-------------------------------------------
     0 | D:5      | Reached skill level 9 in Stealth
     0 | D:5      | Essalna the Gnoll Delver began the quest for the Orb.
     0 | D:5      | Reached XP level 1. HP: 23/23 MP: 1/1
    26 | D:5      | Noticed a centaur
    51 | D:6      | Noticed Prince Ribbit
   105 | D:4      | Noticed a scorpion
   451 | D:2      | Reached XP level 2. HP: 29/29 MP: 2/2
   528 | D:1      | Reached XP level 3. HP: 30/35 MP: 3/3
   701 | D:1      | Reached skill level 1 in Invocations
  1029 | D:1      | Reached skill level 1 in Short Blades
  1029 | D:1      | Reached skill level 1 in Long Blades
  1029 | D:1      | Reached skill level 1 in Maces & Flails
  1029 | D:1      | Reached skill level 1 in Polearms
  1029 | D:1      | Reached skill level 1 in Staves
  1029 | D:1      | Reached skill level 1 in Slings
  1029 | D:1      | Reached skill level 1 in Bows
  1029 | D:1      | Reached skill level 1 in Crossbows
  1029 | D:1      | Reached skill level 1 in Throwing
  1029 | D:1      | Reached skill level 1 in Armour
  1029 | D:1      | Reached skill level 1 in Shields
  1029 | D:1      | Reached skill level 1 in Unarmed Combat
  1029 | D:1      | Reached skill level 1 in Spellcasting
  1029 | D:1      | Reached skill level 1 in Evocations
  1254 | D:1      | Reached XP level 4. HP: 40/41 MP: 5/5
  1610 | D:2      | Found Fufosym's Armour Emporium.
  1671 | D:2      | Noticed Sigmund
  1804 | D:2      | Found a faded altar of an unknown god.
  2018 | D:2      | Killed Sigmund
  2019 | D:2      | Reached skill level 1 in Conjurations
  2019 | D:2      | Reached skill level 1 in Hexes
  2019 | D:2      | Reached skill level 1 in Summonings
  2019 | D:2      | Reached skill level 1 in Necromancy
  2019 | D:2      | Reached skill level 1 in Translocations
  2019 | D:2      | Reached skill level 1 in Transmutations
  2019 | D:2      | Reached skill level 1 in Fire Magic
  2019 | D:2      | Reached skill level 1 in Ice Magic
  2019 | D:2      | Reached skill level 1 in Air Magic
  2019 | D:2      | Reached skill level 1 in Earth Magic
  2019 | D:2      | Reached skill level 1 in Poison Magic
  2019 | D:2      | Reached XP level 5. HP: 39/47 MP: 5/7
  2019 | D:2      | Reached XP level 6. HP: 44/53 MP: 5/8
  2287 | D:3      | Reached skill level 5 in Axes
  2287 | D:3      | Reached skill level 5 in Dodging
  2963 | D:4      | Found a staircase to the Ecumenical Temple.
  3210 | D:4      | Noticed Grinder
  3215 | D:4      | Reached XP level 7. HP: 58/59 MP: 10/10
  3241 | D:4      | Killed Grinder
  3551 | D:4      | Identified the ring "Asetah" {*Slow rPois rN++ Str+4 Int+6}
  3790 | D:4      | Reached skill level 10 in Stealth
  3791 | D:4      | Found a sparkling altar of Nemelex Xobeh.
  3891 | Temple   | Entered the Ecumenical Temple
  3925 | Temple   | Became a worshipper of Ashenzari the Shackled
  4030 | D:5      | Reached XP level 8. HP: 32/67 MP: 12/12
  5071 | D:6      | Noticed Edmund
  5123 | D:7      | Killed Edmund
  5315 | D:7      | Noticed a kobold demonologist
  5317 | D:7      | Noticed a ynoxinul
  5325 | D:7      | Killed a kobold demonologist
  5326 | D:7      | Reached XP level 9. HP: 54/73 MP: 14/14
  5657 | D:8      | Reached skill level 5 in Throwing
  5657 | D:8      | Noticed Grum
  5671 | D:8      | Killed Grum
  5911 | D:6      | Reached skill level 5 in Invocations
  5927 | D:6      | Killed Prince Ribbit
  6268 | D:6      | Reached XP level 10. HP: 53/80 MP: 17/17
  6463 | D:6      | Found Ufeemn's Firing Range.
  6773 | D:7      | Reached skill level 5 in Short Blades
  6773 | D:7      | Reached skill level 5 in Long Blades
  6773 | D:7      | Reached skill level 5 in Maces & Flails
  6773 | D:7      | Reached skill level 5 in Polearms
  6773 | D:7      | Reached skill level 5 in Staves
  6773 | D:7      | Reached skill level 5 in Slings
  6773 | D:7      | Reached skill level 5 in Bows
  6773 | D:7      | Reached skill level 5 in Crossbows
  6773 | D:7      | Reached skill level 5 in Armour
  6773 | D:7      | Reached skill level 5 in Shields
  6773 | D:7      | Reached skill level 5 in Unarmed Combat
  6773 | D:7      | Reached skill level 5 in Spellcasting
  6773 | D:7      | Reached skill level 5 in Evocations
  7323 | D:8      | Found a staircase to the Lair.
  7760 | D:8      | Noticed a two-headed ogre
  7773 | D:8      | Killed a two-headed ogre
  7774 | D:8      | Reached skill level 11 in Stealth
  8258 | D:9      | Noticed Psyche
  8336 | D:8      | Reached XP level 11. HP: 57/87 MP: 19/19
  8414 | D:8      | Cast into level 1 of the Abyss (Psyche)
  8514 | D:8      | Escaped the Abyss
  8520 | D:8      | Killed Psyche
  8573 | D:8      | Reached skill level 5 in Conjurations
  8573 | D:8      | Reached skill level 5 in Hexes
  8573 | D:8      | Reached skill level 5 in Summonings
  8573 | D:8      | Reached skill level 5 in Necromancy
  8573 | D:8      | Reached skill level 5 in Translocations
  8573 | D:8      | Reached skill level 5 in Transmutations
  8573 | D:8      | Reached skill level 5 in Fire Magic
  8573 | D:8      | Reached skill level 5 in Ice Magic
  8573 | D:8      | Reached skill level 5 in Air Magic
  8573 | D:8      | Reached skill level 5 in Earth Magic
  8573 | D:8      | Reached skill level 5 in Poison Magic
  8626 | D:9      | Found a flagged portal.
  8635 | Bailey   | Entered a bailey
  8676 | Bailey   | Noticed an orc warlord
  8694 | Bailey   | Learned a level 3 spell: Frozen Ramparts
  8768 | Bailey   | Found a runed translucent gate.
  8768 | Bailey   | Found a runed translucent gate.
  8768 | Bailey   | Found a runed translucent gate.
  8967 | Bailey   | Killed an orc warlord
  9070 | Bailey   | Acquired the ring "Etreor" {rC+ Will++ Str+6 Dex-4 Stlth+}
  9673 | Lair:1   | Entered Level 1 of the Lair of Beasts
 10384 | Lair:1   | Noticed a boulder beetle
 10479 | Lair:1   | Killed a boulder beetle
 10480 | Lair:1   | Reached XP level 12. HP: 85/96 MP: 22/22
 10581 | Lair:1   | HP: 1/96 [guardian serpent/bolt of poison (15)]
 10583 | Lair:1   | Mangled by a cane toad

Illustrated notes

Levels and vault maps discovered:
D:1:      heliophobic_arrival_enchanted_forest, layout_basic
D:2:      layout_rooms, serial_shops, nicolae_shop_advertising_works
          [nicolae_subvault_shop_adworks],
          shapermc_ecumenical_altar_starsandcircs,
          chequers_serial_rivers_micro_c, uniq_sigmund
D:3:      minmay_chambers_of_twos, layout_loops_ring
D:4:      layout_loops_ring, mainiacjoe_overflow_alcove_2,
          minmay_temple_entry_statues, minmay_checkerbox, uniq_grinder
D:5:      layout_gridville, corner_web_ring, minmay_manual_monolith
D:6:      layout_rooms, kennysheep_cross_room, minivault_4, serial_bayou_pond_d,
          nicolae_shop_firing_range, uniq_prince_ribbit1, uniq_edmund
D:7:      layout_loops_ring, kennysheep_donut, roderic_serpentine_path,
          minmay_microvault
D:8:      layout_basic, erik_lair_orcish_takeover, uniq_grum
D:9:      layout_cross, enter_bailey_3, uniq_psyche
Temple:   nicolae_temple_the_god_donut
Lair:1:   layout_regular_city, bh_autumn_forest_stairs,
          hellmonk_guarded_unrand_seven_league_boots

Skill      XL: |  1  2  3  4  5  6  7  8  9 10 11 |
---------------+----------------------------------+-----
Stealth        | 10 11 | 11.7
Invocations    | 1 2 3 4 5 6 7 |  7.5
Short Blades   | 1 2 3 4 5 6 |  6.9
Long Blades    | 1 2 3 4 5 6 |  6.9
Maces & Flails | 1 2 3 4 5 6 |  6.9
Polearms       | 1 2 3 4 5 6 |  6.9
Staves         | 1 2 3 4 5 6 |  6.9
Slings         | 1 2 3 4 5 6 |  6.9
Bows           | 1 2 3 4 5 6 |  6.9
Crossbows      | 1 2 3 4 5 6 |  6.9
Throwing       | 1 2 4 6 7 9 |  9.2
Armour         | 1 2 3 4 5 6 |  6.9
Shields        | 1 2 3 4 5 6 |  6.9
Unarmed Combat | 1 2 3 4 5 6 |  6.9
Spellcasting   | 1 2 3 4 5 6 |  6.9
Evocations     | 1 2 3 4 5 6 |  6.9
Conjurations   | 1 2 3 4 5 |  5.7
Hexes          | 1 2 3 4 5 |  5.7
Summonings     | 1 2 3 4 5 |  5.7
Necromancy     | 1 2 3 4 5 |  5.7
Translocations | 1 2 3 4 5 |  5.7
Transmutations | 1 2 3 4 5 |  5.7
Fire Magic     | 1 2 3 4 5 |  5.7
Ice Magic      | 1 2 3 4 5 |  5.7
Air Magic      | 1 2 3 4 5 |  5.7
Earth Magic    | 1 2 3 4 5 |  5.7
Poison Magic   | 1 2 3 4 5 |  5.7
Axes           | 5 6 7 8 |  8.3
Dodging        | 5 6 7 8 |  8.3
Fighting       | 7 8 9 |  9.6

Action                   |  1- 3 |  4- 6 |  7- 9 | 10-12 || total
-------------------------+-------+-------+-------+-------++-------
Melee: Hand axe          |   121 |   217 |    38 |       ||   376
       Bite              |    12 |    24 |    46 |    80 ||   162
       Punch             |     4 |     6 |     3 |       ||    13
       War axe           |       |       |   149 |       ||   149
       Dire flail        |       |       |   174 |   815 ||   989
Throw: Dart              |       |     4 |    15 |    14 ||    33
       Boomerang         |       |       |     2 |       ||     2
 Cast: Frozen Ramparts   |       |       |       |     3 ||     3
Evoke: Wand              |       |       |       |     4 ||     4
  Use: Potion            |       |       |     5 |     7 ||    12
       Scroll            |       |       |     4 |    10 ||    14
 Stab: Sleeping          |     6 |    12 |     8 |    11 ||    37
       Distracted        |     1 |       |       |     1 ||     2
       Invisible         |       |       |     2 |       ||     2
Armor: Leather armour    |    25 |    25 |    69 |    13 ||   132
       Acid dragon scale |       |       |       |   278 ||   278
Dodge: Dodged            |   121 |   129 |   405 |   838 ||  1493

Table legend: (Time is in decaauts)
 A = Elapsed time spent in this place.
 B = Non-inter-level travel time spent in this place.
 C = Inter-level travel time spent in this place.
 D = Time resting spent in this place.
 E = Time spent auto-exploring this place.
 F = Levels seen in this place.
 G = Mean time per level.
                   A        B        C        D        E       F      G
               +--------+--------+--------+--------+--------+-----+--------+
         Total |  10641 |  10249 |    392 |     70 |   6593 |  13 |  818.5 |
       Dungeon |   9133 |   8769 |    364 |     70 |   5828 |   9 | 1014.8 |
        Temple |     63 |     35 |     28 |      0 |     14 |   1 |   63.0 |
          Lair |    916 |    916 |      0 |      0 |    488 |   1 |  916.0 |
         Abyss |     95 |     95 |      0 |      0 |     21 |   1 |   95.0 |
        Bailey |    432 |    432 |      0 |      0 |    240 |   1 |  432.0 |
               +--------+--------+--------+--------+--------+-----+--------+

Top non-repeatable levels by time:
     D:8: 1452 daAuts
     D:1: 1156 daAuts
     D:7: 1152 daAuts
     D:4: 1148 daAuts
     D:5: 1091 daAuts
     D:6: 929 daAuts
  Lair:1: 916 daAuts
     D:3: 813 daAuts
     D:2: 695 daAuts
     D:9: 693 daAuts
  Bailey: 432 daAuts
 Abyss:1: 95 daAuts
  Temple: 63 daAuts
